 Dungeon Crawl Stone Soup version 0.20.0-4-g10b340a (webtiles) character file.

81079 ghjk the Severer (level 15, -11/141 HPs)
             Began as a Minotaur Fighter on May 27, 2017.
             Was the Champion of Okawaru.
             Mangled by Agnes
             ... wielding a +0 lajatang
              (18 damage)
             ... on level 14 of the Dungeon.
             The game lasted 00:44:46 (26530 turns).

ghjk the Severer (Minotaur Fighter)                Turns: 26530, Time: 00:44:47

Health: -11/141    AC: 23    Str: 24    XL:     15   Next: 25%
Magic:  14/14      EV: 10    Int:  5    God:    Okawaru [******]
Gold:   1529       SH:  0    Dex: 13    Spells: 14/14 levels left

rFire    . . .     SeeInvis .   J - +0 battleaxe (freeze)
rCold    . . .     Gourm    .   (shield currently unavailable)
rNeg     + . .     Faith    .   v - +1 plate armour
rPois    .         Spirit   .   R - +0 hat
rElec    .         Reflect  .   r - +0 cloak
rCorr    +         Harm     +   y - +0 pair of gloves
MR       +....                  l - +0 pair of boots
Stlth    ..........             Y - amulet of harm
Regen    0.4/turn               O - ring of resist corrosion
MPRegen  0.2/turn               o - ring of positive energy

@: about to teleport
A: retaliatory headbutt, horns 2
a: Heroism, Finesse, Renounce Religion


You were on level 14 of the Dungeon.
You worshipped Okawaru.
Okawaru was exalted by your worship.
You were hungry.

You visited 2 branches of the dungeon, and saw 20 of its levels.

You collected 1529 gold pieces.

Inventory:

Hand Weapons
 a - a +2 vampiric broad axe
 i - a +0 flail of protection
 m - the +8 battleaxe of Kindness {freeze, MR- Int+2 Dex+5 SInv}
   (You found it on level 12 of the Dungeon)

   It has been specially enchanted to freeze those struck by it, causing extra
   injury to most foes and up to half again as much damage against particularly
   susceptible opponents.
   It can also slow down cold-blooded creatures.
   It affects your intelligence (+2).
   It affects your dexterity (+5).
   It affects your resistance to hostile enchantments.
   It lets you see invisible.
 J - a +0 battleaxe of freezing (weapon)
 M - a +6 executioner's axe of electrocution
Armour
 b - a +0 scale mail
 c - a +0 shield
 l - a +0 pair of boots (worn)
 r - a +0 cloak (worn)
 v - a +1 plate armour (worn)
 y - a +0 pair of gloves (worn)
 K - a +1 hat of intelligence
 R - a +0 hat (worn)
Jewellery
 j - an uncursed ring of teleportation
 o - a ring of positive energy (right hand)
 t - an uncursed ring of protection from magic
 N - an uncursed amulet of the gourmand
 O - a ring of resist corrosion (left hand)
 S - an uncursed ring of ice
 T - an uncursed ring of fire
 Y - an amulet of harm (around neck)
Wands
 d - a wand of paralysis (10/24)
 g - a wand of random effects (34/48)
 k - a wand of confusion (16/48)
 n - a wand of iceblast (8/15)
 s - a wand of lightning (12/15)
 w - a wand of disintegration (12/24)
 x - a wand of random effects (28/48)
 C - a wand of confusion (22/48)
 E - a wand of disintegration (9/24)
 L - a wand of paralysis (14/24)
 Z - a wand of flame (19/48)
Scrolls
 q - 9 scrolls of remove curse
 H - 3 scrolls of fog
 I - a scroll of enchant armour
 Q - a scroll of magic mapping
 X - 2 scrolls of fear
Potions
 e - 3 potions of curing
 h - 3 potions of haste
 p - 2 potions of flight
 A - 2 potions of magic
 B - a potion of invisibility
 D - 4 potions of brilliance
 F - a potion of ambrosia
 G - a potion of resistance
 P - a potion of berserk rage {unknown}
 U - 3 potions of might
 W - a potion of agility {unknown}
Comestibles
 f - 7 bread rations
 u - 10 meat rations
 z - 18 royal jellies


   Skills:
 + Level 15.2 Fighting
 + Level 18.9 Axes
 + Level 15.9 Armour
 + Level 4.0 Dodging
 + Level 9.5 Stealth
 - Level 3.7 Shields


You had 14 spell levels left.
You didn't know any spells.

Dungeon Overview and Level Annotations

Branches:
Dungeon (14/15)            Temple (0/1) D:7            Lair (6/6) D:11
  Swamp (0/4) Lair:4       Spider (0/4) Lair:2        Slime (0/5) Lair:5
    Orc (0/2) D:10         Vaults (0/5) D:14

Altars:
Cheibriados
Fedhas
Gozag
Hepliaklqana
Kikubaaqudgha
Makhleb
Nemelex Xobeh
Okawaru
Ru
Uskayaw
Xom
Zin
The Shining One

Shops:
D:9 (

Portals:
Trove: D:13 (give +5 demon blade)

Annotations:
D:14 Agnes


Innate Abilities, Weirdness & Mutations

You reflexively headbutt those who attack you in melee.
You have a pair of horns on your head.


Message History

Agnes hits you but does no damage.
Unknown command.
You barely miss Agnes. Your headbutt misses Agnes.
Agnes is heavily wounded.
You hit the troll but do no damage. The troll bites you!
* * * LOW HITPOINT WARNING * * *
The troll claws you but does no damage. The troll barely misses you.
Agnes closely misses you.
Unknown command.
You miss Agnes. You headbutt Agnes!
Agnes is severely wounded.
Your plate armour prevents you from hitting the troll.
Agnes misses you. The troll bites you but does no damage. The troll claws you!
* * * LOW HITPOINT WARNING * * *
The troll claws you.
* * * LOW HITPOINT WARNING * * *
Okay, then.
As you read the scroll of teleportation, it crumbles to dust.
You feel strangely unstable. Agnes hits you with a lajatang!
You die...

#..# #....#.. #..#
#.##.#.. ###..# #.##.#))
#....# #....##' #....#
####.#.. +#### #....#
#.#..
.....##....#########.#..
.....................#).
.....ci@...#########.#.)
......T....##........###
.....cc....##.######....
...........##.# #.#.#
...c.......##.# #.#.#
....(......##.# #.#.#
..............# #.#.#
#####.....##########.#.#
#.....+ .......<.#.#


You could see Agnes, a troll and 4 centaurs.

Vanquished Creatures
  Gastronok (D:11)
  The ghost of itsmu the Thaumaturge, a journeyman MfIE of Vehumet (Lair:6)
  3 dire elephants (Lair:6)
  Josephine (Lair:6)
  4 hydras
  3 vault guards (D:14)
  2 two-headed ogres
  An anaconda (Lair:6)
  Erica (D:8)
  5 centaur warriors
  18 death yaks
  A tengu warrior (D:13)
  The ghost of anfisbena the Carver, a novice TeBe of Trog (D:9)
  Sonja (D:13)
  An unseen horror (D:11)
  2 wizards (D:14)
  A necromancer (D:14)
  3 ugly things
  A cyclops (D:11)
  A manticore (D:12)
  7 elephants
  14 spiny frogs
  5 black mambas
  Psyche (D:11)
  A kobold demonologist (D:13)
  A gargoyle (D:11)
  4 centaur skeletons
  4 rime drakes
  7 komodo dragons
  A tengu conjurer (D:13)
  2 jumping spiders (Lair:2)
  3 meliai (D:13)
  4 trolls
  A queen bee (D:13)
  2 polar bears (Lair:6)
  4 slime creatures
  2 hornets
  11 blink frogs
  7 hippogriffs
  3 redbacks (Lair:2)
  A shadow (D:14)
  A vampire (D:10)
  A spriggan (D:7)
  7 wraiths
  49 yaks
  19 humans (D:14)
  3 wyverns
  6 basilisks
  4 vampire mosquitoes (D:13)
  Menkaure (D:6)
  An acid dragon (D:13)
  16 water moccasins
  Duvessa (D:7)
  10 porcupines
  6 orc warriors
  6 ice beasts
  4 sky beasts
  An eye of draining (D:9)
  4 phantoms
  2 necrophages (D:13)
  6 ogres
  3 wolves (Lair:3)
  12 centaurs
  8 crocodiles
  22 bullfrogs
  8 big kobolds
  4 gnoll sergeants
  Dowan (D:7)
  7 scorpions
  37 killer bees
  5 wights (D:6)
  2 electric eels
  6 howler monkeys
  2 vampire bats (D:4)
  7 crimson imps
  A bullfrog zombie (D:11)
  4 centaur zombies
  4 jellies
  A quasit (D:10)
  4 hounds
  4 orc priests
  5 orc wizards
  3 bullfrog skeletons
  Crazy Yiuf (D:7)
  8 iguanas
  9 worker ants
  3 hound skeletons
  A hound zombie (D:6)
  Robin (D:3)
  16 gnolls
  10 adders
  3 shadow imps
  4 adder skeletons
  3 worms
  3 leopard geckos
  39 orcs
  A ball python (D:2)
  7 giant cockroaches
  22 goblins
  13 hobgoblins
  19 jackals
  3 quokkas (D:2)
  11 bats
  6 frilled lizards
  2 jackal zombies
  17 kobolds
  A leopard gecko skeleton (D:6)
  2 quokka skeletons
  5 rats
  3 plants (Lair:6)
648 creatures vanquished.

Vanquished Creatures (others)
  20 fungi
  14 plants
34 creatures vanquished.

Grand Total: 682 creatures vanquished

Notes
Turn   | Place    | Note
-------+----------+-------------------------------------------
     0 | D:1      | ghjk the Minotaur Fighter began the quest for the Orb.
     0 | D:1      | Reached XP level 1. HP: 19/19 MP: 0/0
   198 | D:1      | Reached XP level 2. HP: 27/27 MP: 1/1
   332 | D:1      | Reached skill level 1 in Stealth
   855 | D:2      | Reached XP level 3. HP: 23/33 MP: 2/2
  1649 | D:2      | Reached skill level 3 in Axes
  1733 | D:3      | Reached XP level 4. HP: 34/40 MP: 3/3
  1858 | D:3      | Reached skill level 1 in Dodging
  1873 | D:3      | Reached XP level 5. HP: 26/47 MP: 4/4
  2291 | D:3      | Noticed Robin
  2308 | D:3      | Killed Robin
  2308 | D:3      | Reached skill level 4 in Axes
  3310 | D:4      | Reached XP level 6. HP: 54/55 MP: 5/5
  3392 | D:4      | Reached skill level 5 in Fighting
  3510 | D:4      | Reached skill level 5 in Armour
  3597 | D:4      | Found a hide-covered altar of Uskayaw.
  3597 | D:4      | Found a glowing golden altar of the Shining One.
  3776 | D:5      | Entered Level 5 of the Dungeon
  3838 | D:5      | Reached skill level 5 in Axes
  4059 | D:5      | Reached XP level 7. HP: 48/61 MP: 6/6
  4328 | D:5      | Found a shimmering altar of Xom.
  4329 | D:5      | Found a hazy altar of Hepliaklqana.
  4329 | D:5      | Noticed a yak
  4330 | D:5      | Noticed a yak
  4330 | D:5      | Noticed a spectral ugly thing
  4644 | D:6      | Reached skill level 6 in Axes
  4654 | D:6      | Reached XP level 8. HP: 32/70 MP: 7/7
  4663 | D:6      | Reached skill level 7 in Axes
  4781 | D:6      | Noticed Menkaure
  4789 | D:6      | Killed Menkaure
  5111 | D:6      | Reached skill level 8 in Axes
  5206 | D:6      | Found an iron altar of Okawaru.
  5220 | D:6      | Became a worshipper of Warmaster Okawaru
  5284 | D:6      | Found a sparkling altar of Nemelex Xobeh.
  5285 | D:6      | Found an opulent altar of Gozag.
  5612 | D:7      | Reached skill level 9 in Axes
  5612 | D:7      | Reached XP level 9. HP: 13/78 MP: 8/8
  6020 | D:7      | Found an ancient bone altar of Kikubaaqudgha.
  6029 | D:7      | Found a staircase to the Ecumenical Temple.
  6036 | D:7      | Noticed Duvessa
  6036 | D:7      | Noticed Dowan
  6056 | D:7      | Killed Duvessa
  6056 | D:7      | Reached * piety under Okawaru
  6056 | D:7      | Reached skill level 5 in Stealth
  6056 | D:7      | Paralysed by a hornet for 2 turns
  6064 | D:7      | Paralysed by a hornet for 1 turns
  6083 | D:7      | Killed Dowan
  6480 | D:7      | Reached skill level 10 in Axes
  6493 | D:7      | Found a runed door.
  6531 | D:7      | Found a snail-covered altar of Cheibriados.
  6566 | D:7      | Noticed Crazy Yiuf
  6576 | D:7      | Killed Crazy Yiuf
  6869 | D:8      | Reached ** piety under Okawaru
  7190 | D:8      | Noticed Erica
  7208 | D:8      | Killed Erica
  7208 | D:8      | Reached XP level 10. HP: 33/88 MP: 9/9
  7939 | D:9      | Reached skill level 11 in Axes
  8087 | D:9      | Noticed anfisbena's ghost (novice TeBe)
  8106 | D:9      | Killed anfisbena's ghost
  8402 | D:9      | Reached *** piety under Okawaru
  8671 | D:9      | Found a sacrificial altar of Ru.
  8706 | D:9      | Reached skill level 12 in Axes
  8763 | D:9      | Found a blossoming altar of Fedhas.
  8788 | D:9      | Paralysed by a hornet for 1 turns
  8844 | D:9      | Found a burning altar of Makhleb.
  8846 | D:9      | Found a glowing silver altar of Zin.
  8846 | D:9      | Noticed an angel
  8846 | D:9      | Noticed a cacodemon
  8960 | D:9      | Found Toeklaic's Antique Weapon Shop.
  9217 | D:10     | Entered Level 10 of the Dungeon
  9239 | D:10     | Noticed a red ugly thing
  9303 | D:10     | Reached **** piety under Okawaru
  9383 | D:10     | Found a staircase to the Orcish Mines.
  9408 | D:10     | Reached XP level 11. HP: 90/97 MP: 10/10
  9899 | D:10     | Killed a red ugly thing
  9899 | D:10     | Reached skill level 10 in Armour
 10053 | D:10     | Reached skill level 13 in Axes
 10133 | D:10     | Noticed a two-headed ogre
 10146 | D:10     | HP: 1/97 [two-headed ogre/giant club (25)]
 10148 | D:10     | Killed a two-headed ogre
 10148 | D:10     | Reached ***** piety under Okawaru
 11141 | D:11     | Noticed a two-headed ogre
 11149 | D:11     | Killed a two-headed ogre
 11262 | D:11     | Noticed Psyche
 11267 | D:11     | Killed Psyche
 11267 | D:11     | Reached skill level 10 in Fighting
 11315 | D:11     | Noticed Gastronok
 11340 | D:11     | Killed Gastronok
 11340 | D:11     | Received a gift from Okawaru
 11340 | D:11     | Reached skill level 14 in Axes
 11402 | D:11     | Noticed a death yak
 11404 | D:11     | Noticed a death yak
 11405 | D:11     | Found a staircase to the Lair.
 11405 | D:11     | Noticed a death yak
 11405 | D:11     | Noticed a death yak
 11405 | D:11     | Noticed a death yak
 11406 | D:11     | Noticed a death yak
 11428 | D:10     | Killed a death yak
 11914 | D:11     | Killed an unseen horror
 11914 | D:11     | Reached XP level 12. HP: 63/107 MP: 11/11
 12127 | D:10     | Killed a death yak
 12478 | D:11     | Reached ****** piety under Okawaru
 12601 | D:11     | Killed a death yak
 12604 | D:11     | Killed a death yak
 12611 | D:11     | Killed a death yak
 12611 | D:11     | Reached skill level 15 in Axes
 12612 | D:11     | Killed a death yak
 12911 | Lair:1   | Entered Level 1 of the Lair of Beasts
 13112 | Lair:1   | Found a dark tunnel.
 13755 | Lair:2   | Received a gift from Okawaru
 14666 | Lair:2   | Noticed a six-headed hydra
 15210 | Lair:2   | Found a hole to the Spider Nest.
 16004 | Lair:3   | Reached XP level 13. HP: 116/116 MP: 12/12
 16731 | Lair:3   | Reached skill level 16 in Axes
 17375 | Lair:4   | Found a staircase to the Swamp.
 17536 | Lair:5   | Received a gift from Okawaru
 17548 | Lair:5   | Found a frozen archway.
 17590 | Lair:5   | Found a staircase to the Slime Pits.
 19021 | Lair:6   | Entered Level 6 of the Lair of Beasts
 19028 | Lair:6   | Noticed Josephine
 19106 | Lair:6   | Killed Josephine
 19894 | Lair:6   | Received a gift from Okawaru
 19918 | Lair:6   | Reached XP level 14. HP: 101/129 MP: 13/13
 20150 | Lair:6   | Reached skill level 17 in Axes
 20683 | Lair:6   | Noticed itsmu's ghost (journeyman MfIE)
 20702 | Lair:6   | Killed itsmu's ghost
 22157 | Lair:6   | Received a gift from Okawaru
 22499 | Lair:6   | Reached skill level 15 in Armour
 23465 | D:12     | Got an ichor-stained battleaxe
 23471 | D:12     | Identified the +8 battleaxe of Kindness {freeze, MR- Int+2 Dex+5 SInv} (You found it on level 12 of the Dungeon)
 24434 | D:13     | Found a portal to a secret trove of treasure.
 24434 | D:13     | Noticed Sonja
 24975 | D:13     | Received a gift from Okawaru
 24975 | D:13     | Reached skill level 18 in Axes
 24998 | D:13     | Found an opulent altar of Gozag.
 25591 | D:13     | Killed Sonja
 25850 | D:13     | Reached skill level 15 in Fighting
 25850 | D:13     | Reached XP level 15. HP: 137/141 MP: 14/14
 26284 | D:14     | Found a gate to the Vaults.
 26448 | D:14     | Received a gift from Okawaru
 26518 | D:14     | Noticed Agnes
 26529 | D:14     | HP: 7/141 [troll (3)]
 26530 | D:14     | Mangled by Agnes

Skill      XL: |  1  2  3  4  5  6  7  8  9 10 11 12 13 14 15 |
---------------+----------------------------------------------+-----
Stealth        | 1 2 3 4 6 7 8 9 |  9.5
Armour         | 4 5 6 7 8 9 10 12 14 15 | 15.9
Fighting       | 4 5 6 7 9 10 11 13 15 | 15.2
Axes           | 3 4 5 6 9 10 12 14 15 16 18 | 18.9
Dodging        | 1 2 3 4 |  4.0
Shields        | |  3.7

Action                   |  1- 3 |  4- 6 |  7- 9 | 10-12 | 13-15 || total
-------------------------+-------+-------+-------+-------+-------++-------
Melee: War axe           |   123 |   153 |   330 |   701 |   762 ||  2069
       Headbutt          |    10 |    30 |    59 |   153 |   286 ||   538
       Flail             |       |       |       |       |    30 ||    30
       Battleaxe         |       |       |       |       |   287 ||   287
Invok: Heroism           |       |       |       |       |     3 ||     3
       Finesse           |       |       |       |       |     3 ||     3
  Use: Potion            |     1 |       |     3 |     4 |     6 ||    14
       Scroll            |       |     6 |     5 |    13 |     9 ||    33
  Eat: Chunk             |     2 |     6 |     2 |     7 |     9 ||    26
       Fruit             |       |     4 |       |     4 |     4 ||    12
       Royal jelly       |       |       |     3 |     1 |     4 ||     8
       Bread ration      |       |       |       |     4 |     3 ||     7
Armor: Scale mail        |    44 |    87 |       |       |       ||   131
       Plate armour      |       |     9 |   205 |   375 |   610 ||  1199
Dodge: Dodged            |    42 |    55 |    76 |   143 |   268 ||   584
Block: Shield            |    77 |   111 |   174 |   283 |   275 ||   920
